 Dungeon Crawl Stone Soup version 0.29-a0-823-gc37b1572da (webtiles) character file.

Game seed: 693001047777854192

2450 gobodom the Cleaver (level 9, -9/69 HPs)
             Began as a Demonspawn Fighter on July 9, 2022.
             Was a High Priest of Jiyva.
             Mangled by an orc warrior
             ... wielding a +0 halberd
              (14 damage)
             ... in a bailey.
             The game lasted 00:17:36 (4706 turns).

gobodom the Cleaver (Demonspawn Fighter)            Turns: 4706, Time: 00:17:36

Health: -9/69      AC: 15    Str: 20    XL:     9   Next: 25%
Magic:  9/9        EV:  8    Int: 10    God:    Jiyva [*****.]
Gold:   316        SH:  5    Dex: 13    Spells: 8/8 levels left

rFire   . . .      SeeInvis +   l - +1 war axe (vorpal)
rCold   . . .      Faith    .   c - +0 buckler
rNeg    . . .      Spirit   .   f - +0 chain mail
rPois   .          Reflect  .   (helmet unavailable)
rElec   +          Harm     .   (no cloak)
rCorr   +          Rampage  .   (no gloves)
Will    .....      Clarity  +   k - +1 pair of boots
Stlth   ..........              (no amulet)
HPRegen 1.65/turn               (no ring)
MPRegen 0.56/turn               (no ring)

@: mighty
A: antennae 3, thin metallic scales 2, powered by death 3, talons 2, clarity,
electricity resistance, tendrils, noise suppression
a: Renounce Religion, Oozemancy, Slimify


You were in a bailey.
You worshipped Jiyva.
Jiyva was extremely pleased with you.
You visited 1 branch of the dungeon, and saw 7 of its levels.
You also visited: Bailey.

You collected 316 gold pieces.

Inventory:

Hand Weapons
 l - a +1 vorpal war axe (weapon)
Missiles
 h - 5 boomerangs (quivered)
Armour
 c - a +0 buckler (worn)
 f - a +0 chain mail (worn)
 g - a +0 plate armour
 k - a +1 pair of boots (worn)
Jewellery
 i - a ring of ice
Wands
 a - a wand of roots (4)
Scrolls
 e - a scroll of amnesia
Potions
 b - 3 potions of cancellation {unknown}
 j - 3 potions of heal wounds {unknown}
 m - a potion of mutation {unknown}
 n - 2 potions of magic {unknown}
 o - a potion of brilliance {unknown}
 p - 2 potions of invisibility {unknown}
 q - a potion of resistance
 r - a potion of haste


   Skills:
 + Level 6.0 Fighting
 + Level 8.0 Axes
 + Level 6.1 Armour
 + Level 1.8 Dodging
 + Level 0.1 Stealth
 + Level 4.4 Shields
 + Level 0.1 Evocations


You had 8 spell levels left.
You didn't know any spells.
Your spell library contained the following spells:

 Spells                   Type           Power      Damage    Failure   Level
 Apportation              Tloc           0%         N/A       99%         1
 Necrotise                Necr           0%         1d4       99%         1
 Summon Small Mammal      Summ           0%         N/A       99%         1
 Blink                    Tloc           0%         N/A       100%        2
 Gell's Gravitas          Tloc           0%         N/A       100%        3
 Lesser Beckoning         Tloc           0%         N/A       100%        3
 Teleport Other           Tloc           0%         N/A       100%        3
 Manifold Assault         Tloc           0%         N/A       100%        5
 Dispersal                Tloc           0%         N/A       100%        6


Dungeon Overview and Level Annotations

Branches:
Dungeon (7/15)             Temple (0/1) D:4          Bailey (1/1)

Altars:
Fedhas
Kikubaaqudgha
Nemelex Xobeh
Qazlal
Trog
Vehumet
Yredelemnul
Jiyva


Innate Abilities, Weirdness & Mutations

You have a pair of large antennae on your head. (SInv)
You are mostly covered in thin metallic scales. (AC +3)
You regenerate a lot of health from kills.
You have razor-sharp toenails.
You possess an exceptional clarity of mind.
You are resistant to electric shocks. (rElec)
You are covered in slimy tendrils that may disarm your opponents.
You passively dampen the noise of your surroundings.


Message History

The orc warrior is heavily wounded.
The orc warrior hits you but does no damage.
The orc warrior closely misses you.
You slash the orc warrior!
The orc warrior is almost dead.
You block the orc warrior's attack.
The orc warrior hits you from afar with a +0 halberd!
* * * LOW HITPOINT WARNING * * *
The orc warrior hits you!
* * * LOW HITPOINT WARNING * * *
The orc warrior completely misses you.
You hit the orc warrior.
The orc warrior is moderately wounded.
You barely miss the orc warrior. You block the orc warrior's attack.
The orc warrior closely misses you.
You hit the orc warrior but do no damage.
The orc warrior is moderately wounded.
You closely miss the orc warrior.
The orc warrior hits you but does no damage.
You block the orc warrior's attack.
You barely miss the orc warrior.
The orc warrior is almost dead.
You miss the orc warrior.
The orc warrior hits you but does no damage.
The orc warrior closely misses you.
You feel very mighty all of a sudden. The orc warrior hits you.
* * * LOW HITPOINT WARNING * * *
The orc warrior barely misses you.
You miss the orc warrior.
The orc warrior is almost dead.
You slash the orc warrior! You block the orc warrior's attack.
The orc warrior hits you with a +0 halberd!
* * * LOW HITPOINT WARNING * * *
You barely miss the orc warrior.
The orc warrior is almost dead.
You slash the orc warrior!
The orc warrior hits you but does no damage.
The orc warrior hits you with a +0 halberd!
You die...

####### #########
########.....###........
#.....#.......'.........
'.....').#....'.)o....??
'..))['.......'.@.....??
'..†..[.)#....'.o.....??
#.....#.))....'.........
########.....###........
####### #########


You could see 2 orc warriors.

Vanquished Creatures
  Sigmund (D:3)
  2 water moccasins (D:7)
  An orc warrior (Bailey)
  2 ice beasts
  A black bear (D:6)
  3 phantoms
  Blork the orc (D:5)
  2 scorpions
  An orc priest (D:4)
  5 hounds
  A gnoll bouda (D:6)
  Terence (D:3)
  8 iguanas
  4 gnolls (D:6)
  4 adders
  A shadow imp (D:6)
  A worm (D:4)
  A dart slug (D:5)
  24 orcs
  11 ball pythons
  An endoplasm (D:1)
  4 giant cockroaches
  7 goblins
  8 hobgoblins
  3 jackals
  7 kobolds
  A quokka (D:4)
  6 bats
  2 frilled lizards (D:1)
  3 rats
117 creatures vanquished.

Vanquished Creatures (collateral kills)
  An orc knight (Bailey)
  3 orc warriors (Bailey)
  An orc (Bailey)
5 creatures vanquished.

Vanquished Creatures (others)
  A water moccasin (D:7)
  3 jellies
  An iguana (D:5)
  An orc wizard (D:4)
  2 adders
  5 orcs
  A giant cockroach (D:2)
  A goblin (D:1)
  2 hobgoblins
  2 bats (D:2)
  A frilled lizard (D:1)
  5 kobolds
25 creatures vanquished.

Grand Total: 147 creatures vanquished

Notes
Turn   | Place    | Note
-------+----------+-------------------------------------------
     0 | D:1      | gobodom the Demonspawn Fighter began the quest for the Orb.
     0 | D:1      | Reached XP level 1. HP: 18/18 MP: 1/1
   268 | D:1      | Gained mutation: You regenerate a little health from kills.
                  | [demonic ancestry]
   268 | D:1      | Reached XP level 2. HP: 22/24 MP: 2/2
   311 | D:1      | Found a faded altar of an unknown god.
   313 | D:1      | Prayed at the altar of an unknown god.
   313 | D:1      | Became a worshipper of Jiyva Jamoto the Shapeless
   313 | D:1      | Reached * piety under Jiyva
   433 | D:1      | Reached skill level 2 in Axes
   538 | D:1      | Reached ** piety under Jiyva
  1060 | D:2      | You fall into a shaft and drop 1 floor!
  1109 | D:2      | Reached XP level 3. HP: 29/29 MP: 3/3
  1213 | D:2      | Reached *** piety under Jiyva
  1743 | D:3      | Noticed Terence
  1765 | D:3      | Killed Terence
  1880 | D:3      | Gained mutation: You are covered in slimy tendrils that may
                  | disarm your opponents. [Jiyva's grace]
  1880 | D:3      | Gained mutation: You are resistant to electric shocks.
                  | (rElec) [Jiyva's grace]
  1880 | D:3      | Gained mutation: You passively dampen the noise of your
                  | surroundings. [Jiyva's grace]
  1880 | D:3      | Gained mutation: You possess an exceptional clarity of
                  | mind. [Jiyva's grace]
  1882 | D:3      | Noticed Sigmund
  1922 | D:3      | Killed Sigmund
  1923 | D:3      | Reached skill level 3 in Axes
  1923 | D:3      | Reached XP level 4. HP: 36/36 MP: 4/4
  1923 | D:3      | Gained mutation: You are partially covered in thin metallic
                  | scales. (AC +2) [demonic ancestry]
  1923 | D:3      | Reached XP level 5. HP: 41/41 MP: 5/5
  2089 | D:4      | Noticed a phantom
  2090 | D:4      | Reached **** piety under Jiyva
  2102 | D:4      | Killed a phantom
  2103 | D:4      | Reached skill level 4 in Axes
  2103 | D:4      | Gained mutation: You have a pair of small antennae on your
                  | head. [demonic ancestry]
  2103 | D:4      | Reached XP level 6. HP: 48/48 MP: 6/6
  2215 | D:4      | Found a staircase to the Ecumenical Temple.
  2263 | D:4      | Reached skill level 1 in Dodging
  2689 | D:5      | Entered Level 5 of the Dungeon
  2710 | D:5      | Gained mutation: You regenerate health from kills. [demonic
                  | ancestry]
  2710 | D:5      | Reached XP level 7. HP: 54/54 MP: 7/7
  2837 | D:5      | Noticed Blork the orc
  2846 | D:5      | Killed Blork the orc
  2847 | D:5      | Reached skill level 5 in Axes
  2909 | D:5      | Reached ***** piety under Jiyva
  3336 | D:5      | Gained mutation: You have a pair of antennae on your head.
                  | [Jiyva's grace]
  3336 | D:5      | Gained mutation: You have a pair of large antennae on your
                  | head. (SInv) [Jiyva's grace]
  3336 | D:5      | Gained mutation: You have sharp toenails. [Jiyva's grace]
  3336 | D:5      | Gained mutation: You have razor-sharp toenails. [Jiyva's
                  | grace]
  3828 | D:6      | Found a radiant altar of Vehumet.
  3848 | D:6      | Found a basalt altar of Yredelemnul.
  3906 | D:6      | Reached skill level 5 in Fighting
  3937 | D:6      | Found a blossoming altar of Fedhas.
  3983 | D:6      | Gained mutation: You are mostly covered in thin metallic
                  | scales. (AC +3) [demonic ancestry]
  3983 | D:6      | Reached XP level 8. HP: 62/62 MP: 8/8
  4142 | D:6      | Found an ancient bone altar of Kikubaaqudgha.
  4181 | D:6      | Found a stormy altar of Qazlal.
  4191 | D:6      | Found a sparkling altar of Nemelex Xobeh.
  4198 | D:6      | Found a bloodstained altar of Trog.
  4226 | D:6      | Reached skill level 6 in Axes
  4226 | D:6      | Reached skill level 5 in Armour
  4498 | D:7      | Found a flagged portal.
  4536 | Bailey   | Entered a bailey
  4547 | Bailey   | Reached skill level 7 in Axes
  4643 | Bailey   | Noticed an orc knight
  4651 | Bailey   | HP: 1/63 [orc warrior/+0 glaive (18)]
  4663 | Bailey   | Killed an orc knight
  4664 | Bailey   | Gained mutation: You regenerate a lot of health from kills.
                  | [demonic ancestry]
  4664 | Bailey   | Reached XP level 9. HP: 30/69 MP: 9/9
  4666 | Bailey   | Reached skill level 8 in Axes
  4700 | Bailey   | HP: 3/69 [orc warrior (7)]
  4705 | Bailey   | HP: 3/69 [orc warrior/+0 halberd (8)]
  4706 | Bailey   | Mangled by an orc warrior

Illustrated notes

Levels and vault maps discovered:
D:1:      eino_arrival_cavern_e, layout_basic, chequers_ecumenical_altar_twisty,
          minmay_tetromino_i2
D:2:      layout_basic, hangedman_decor_slide_cut
D:3:      layout_rooms, serial_park_tiny_pond,
          amcnicky_mini_rare_corridor_liquid, uniq_sigmund, uniq_terence
D:4:      layout_gridville, temple_statues
D:5:      layout_layer_cave, nicolae_elevator_lobby_plus, uniq_blork_the_orc
D:6:      layout_basic, lemuel_round_altar, lemuel_tele_altar, vehumet_crystals,
          mainiacjoe_overflow_boulevard, nicolae_overflow_hallway_of_the_gods
D:7:      layout_rooms, enter_bailey_4
Bailey:   bailey_polearm_5, bailey

Skill      XL: |  1  2  3  4  5  6  7  8  9 |
---------------+----------------------------+-----
Axes           | 2 3 4 5 7 8 |  8.0
Shields        | 3 4 |  4.4
Armour         | 3 4 6 |  6.1
Dodging        | 1 |  1.8
Fighting       | 4 5 6 |  6.0
Stealth        | |  0.1
Evocations     | |  0.1

Action                   |  1- 3 |  4- 6 |  7- 9 || total
-------------------------+-------+-------+-------++-------
Melee: War axe           |   162 |    95 |   209 ||   466
Evoke: Wand              |       |       |     1 ||     1
  Use: Scroll            |       |     8 |     1 ||     9
       Potion            |       |     3 |     1 ||     4
Armor: Scale mail        |     8 |       |       ||     8
       Chain mail        |   114 |    64 |   175 ||   353
Dodge: Dodged            |    60 |    26 |    96 ||   182
Block: Buckler           |    45 |    18 |    59 ||   122

Table legend: (Time is in decaauts)
 A = Elapsed time spent in this place.
 B = Non-inter-level travel time spent in this place.
 C = Inter-level travel time spent in this place.
 D = Time resting spent in this place.
 E = Time spent auto-exploring this place.
 F = Levels seen in this place.
 G = Mean time per level.
                   A        B        C        D        E       F      G
               +--------+--------+--------+--------+--------+-----+--------+
         Total |   4843 |   4560 |    283 |    167 |   2988 |   8 |  605.4 |
       Dungeon |   4666 |   4383 |    283 |    167 |   2988 |   7 |  666.6 |
        Bailey |    177 |    177 |      0 |      0 |      0 |   1 |  177.0 |
               +--------+--------+--------+--------+--------+-----+--------+

Top non-repeatable levels by time:
     D:5: 1043 daAuts
     D:1: 916 daAuts
     D:2: 814 daAuts
     D:6: 732 daAuts
     D:4: 577 daAuts
     D:3: 465 daAuts
  Bailey: 177 daAuts
     D:7: 116 daAuts
